 Dungeon Crawl Stone Soup version 0.31.0-12-g77e489cdc1 (webtiles) character file.

Game seed: 1838138334243723024

1421 Gadfly the Cudgeller (level 8, -13/84 HPs)
             Began as an Oni Berserker on Feb 24, 2024.
             Was an Elder of Trog.
             Mangled by a two-headed ogre
             ... wielding a +0 giant spiked club
              (23 damage)
             ... on level 8 of the Dungeon.
             The game lasted 00:08:06 (6827 turns).

Gadfly the Cudgeller (Oni Berserker)                Turns: 6827, Time: 00:08:08

Health: -13/84     AC:  9    Str: 22    XL:     8   Next: 72%
Magic:  8/8        EV: 10    Int:  8    God:    Trog [****..]
Gold:   1584       SH:  0    Dex: 10    Spells: 7/7 levels left

rFire   . . .        a - +2 flail (holy)
rCold   + + +        (no shield)
rNeg    . . .        d - +4 skin of Zhor {*Englaciate rC+++ SInv}
rPois   .            (helmet restricted)
rElec   .            k - +1 cloak
rCorr   .            (gloves unavailable)
SInv    +            (boots unavailable)
Will    .....        (no amulet)
Stlth   +            q - ring of see invisible
HPRegen 0.34/turn    (no ring)
MPRegen 0.11/turn

%: no passive effects
@: studying Maces & Flails
A: large, unfitting armour, horns 1, tough skin 1, double potion healing,
drunken brawling
a: Renounce Religion, Berserk, Trog's Hand, Brothers in Arms


You were on level 8 of the Dungeon.
You worshipped Trog.
Trog was greatly pleased with you.
You visited 1 branch of the dungeon, and saw 8 of its levels.

You collected 1584 gold pieces.

Inventory:

Hand Weapons
 a - a +2 flail of holy wrath (weapon)
 b - a +2 mace of protection
 l - a +2 dagger of venom
 r - a +0 flail
 v - a +4 quarterstaff of chaos
Armour
 d - the +4 skin of Zhor (worn) {*Englaciate rC+++ SInv}
   (You acquired it on level 1 of the Dungeon)

   *Englaciate: It radiates cold, occasionally slowing all nearby creatures who
   are not resistant to cold.
   rC+++:     It renders you almost immune to cold.
   SInv:      It lets you see invisible.
 k - a +1 cloak (worn)
 u - the +4 robe of Augmentation {Str+4 Int+4 Dex+4}
   (You found it on level 7 of the Dungeon)

   Str+4:     It affects your strength (+4).
   Int+4:     It affects your intelligence (+4).
   Dex+4:     It affects your dexterity (+4).
Jewellery
 q - a ring of see invisible (left hand)
Wands
 t - a wand of quicksilver (1)
Scrolls
 c - 2 scrolls of poison
 i - 6 scrolls of teleportation
 m - a scroll of fear
 o - a scroll of blinking
 s - 3 scrolls of enchant armour
 w - a scroll of identify
Potions
 f - a potion of enlightenment
 g - a potion of mutation
 h - a potion of heal wounds
 j - a potion of haste {unknown}
 n - a potion of berserk rage
 p - a potion of lignification {unknown}


   Skills:
 + Level 6.7 Fighting
 + Level 7.1 Maces & Flails
 * Level 5.2 Armour
 - Level 2.6 Dodging
 * Level 4.7 Evocations


You had 7 spell levels left.
You didn't know any spells.
Your spell library was empty.

Dungeon Overview and Level Annotations

Branches:
Dungeon (8/15)             Temple (0/1) D:4
   Lair: D:8-11

Altars:
Dithmenos
Gozag
Hepliaklqana
Xom
The Shining One

Shops:
D:1 :   D:2 [

Annotations:
D:8 1 transporter


Innate Abilities, Weirdness & Mutations

You are too large for most types of armour.
You have a pair of small horns on your head.
You have tough skin. (AC +1)
You gain doubled healing and magic from potions.
Whenever you drink a healing potion, you attack all around you.


Message History

The two-headed ogre barely misses you.
The two-headed ogre hits you with a +0 giant club!!
* * * LOW HITPOINT WARNING * * *
Unknown command.
You take a swig of the potion and twirl your +2 flail of holy wrath.
You hit the two-headed ogre.
The two-headed ogre is severely wounded.
You savour every drop.
You feel much better.
You radiate an aura of cold.
The two-headed ogre seems to slow down.
You barely miss the two-headed ogre. You headbutt the two-headed ogre!
The two-headed ogre is severely wounded.
The two-headed ogre hits you with a +0 giant spiked club!!
* * * LOW HITPOINT WARNING * * *
The two-headed ogre hits you with a +0 giant club.
* * * LOW HITPOINT WARNING * * *
You barely miss the two-headed ogre.
The two-headed ogre is severely wounded.
You hit the two-headed ogre.
Your headbutt misses the two-headed ogre.
The two-headed ogre is almost dead.
The two-headed ogre hits you with a +0 giant spiked club.
* * * LOW HITPOINT WARNING * * *
The two-headed ogre closely misses you.
Unknown command.
Aiming: Paralyse
Press: ? - help, Shift-Dir - straight line, f - two-headed ogre
Aim: a two-headed ogre, wielding a +0 giant spiked club and a +0 giant club (severely wounded, slow, chance to affect: 43%)
The two-headed ogre resists with some effort.
Aiming: Paralyse
Press: ? - help, Shift-Dir - straight line, f/p - two-headed ogre
Aim: a two-headed ogre, wielding a +0 giant spiked club and a +0 giant club (severely wounded, slow, chance to affect: 43%)
The two-headed ogre resists with some effort.
The two-headed ogre is no longer moving slowly.
Aiming: Paralyse
Press: ? - help, Shift-Dir - straight line, f/p - two-headed ogre
Aim: a two-headed ogre, wielding a +0 giant spiked club and a +0 giant club (severely wounded, chance to affect: 43%)
The two-headed ogre resists with some effort.
The now-empty wand crumbles to dust.
The two-headed ogre hits you with a +0 giant spiked club!!
You die...

#............#o#O
.
.........##..#o...
....##.#.##..#...#
... #.#.##..## ..
#.#.##...########
.
.................
#.#.##...########
#.##..######## . #
#@.........
...#.##O#........
........#........
.................
........#........
...#.^.......##.#
.. ##...#.##.# # .
#...#.# .# #.... .


You could see a two-headed ogre.

Vanquished Creatures
  An unseen horror (D:6)
  Grinder (D:6)
  An ice beast (D:6)
  An ogre (D:6)
  A scorpion (D:6)
  2 howler monkeys (D:8)
  Crazy Yiuf (D:2)
  4 jellies
  An orc priest (D:4)
  A gnoll bouda (D:5)
  2 hounds (D:7)
  3 iguanas (D:6)
  2 orc wizards
  Robin (D:2)
  7 gnolls
  4 adders
  5 ufetubi
  3 dart slugs
  2 ribbon worms
  14 orcs
  7 endoplasms
  3 giant cockroaches
  14 goblins
  7 hobgoblins
  6 jackals
  5 kobolds
  4 quokkas
  6 ball pythons
  3 bats
  2 frilled lizards (D:1)
  3 rats
117 creatures vanquished.

Vanquished Creatures (collateral kills)
  An ufetubus (D:5)
1 creature vanquished.

Grand Total: 118 creatures vanquished

Notes
Turn   | Place    | Note
-------+----------+-------------------------------------------
     0 | D:1      | Gadfly the Oni Berserker began the quest for the Orb.
     0 | D:1      | Reached XP level 1. HP: 24/24 MP: 1/1
   108 | D:1      | Reached XP level 2. HP: 28/32 MP: 2/2
   108 | D:1      | Identified 2 scrolls of acquirement
   108 | D:1      | Acquired the +4 skin of Zhor {*Englaciate rC+++ SInv}
   108 | D:1      | Found the +4 skin of Zhor {*Englaciate rC+++ SInv}
   217 | D:1      | Found Sanaibud's Book Emporium.
   486 | D:1      | Reached XP level 3. HP: 39/39 MP: 3/3
   576 | D:1      | Reached skill level 1 in Armour
   590 | D:1      | Reached skill level 1 in Evocations
   867 | D:1      | Acquired 1135 gold pieces
   869 | D:1      | Acquired a manual of Maces & Flails
  1046 | D:2      | Reached ** piety under Trog
  1195 | D:2      | Reached XP level 4. HP: 35/49 MP: 4/4
  1345 | D:2      | Found a runed translucent door.
  1346 | D:2      | Noticed Crazy Yiuf
  1394 | D:2      | Reached skill level 4 in Maces & Flails
  1761 | D:2      | Noticed Robin
  1798 | D:2      | Reached XP level 5. HP: 46/55 MP: 5/5
  1800 | D:2      | Killed Robin
  1886 | D:2      | Found Zafuny's Antique Armour Emporium.
  2161 | D:2      | Killed Crazy Yiuf
  2968 | D:3      | Found a faded altar of an unknown god.
  3040 | D:4      | Found a staircase to the Ecumenical Temple.
  3269 | D:4      | Reached skill level 5 in Maces & Flails
  3308 | D:4      | Reached XP level 6. HP: 65/65 MP: 6/6
  3321 | D:4      | Found a shadowy altar of Dithmenos.
  3326 | D:4      | Found a glowing golden altar of the Shining One.
  3329 | D:4      | Found a shimmering altar of Xom.
  3329 | D:4      | Found a hazy altar of Hepliaklqana.
  3351 | D:4      | Reached *** piety under Trog
  3352 | D:4      | Found an opulent altar of Gozag.
  3395 | D:4      | Reached skill level 5 in Fighting
  3665 | D:5      | Entered Level 5 of the Dungeon
  4597 | D:6      | Reached XP level 7. HP: 38/72 MP: 7/7
  4849 | D:6      | Noticed an unseen horror
  4867 | D:6      | Killed an unseen horror
  4868 | D:6      | Reached skill level 6 in Maces & Flails
  5017 | D:6      | Noticed Grinder
  5021 | D:6      | Killed Grinder
  5022 | D:6      | Reached XP level 8. HP: 69/83 MP: 8/8
  5915 | D:7      | Reached skill level 7 in Maces & Flails
  5915 | D:7      | Reached skill level 5 in Armour
  6182 | D:7      | Found the +4 robe of Augmentation {Str+4 Int+4 Dex+4}
  6508 | D:7      | Reached **** piety under Trog
  6783 | D:8      | Found a transporter.
  6810 | D:8      | Noticed a two-headed ogre
  6827 | D:8      | Mangled by a two-headed ogre

Illustrated notes

Levels and vault maps discovered:
D:1:      tarquinn_simple_flora_water_b, layout_loops_cross, serial_shops,
          nicolae_shop_crystal
D:2:      layout_loops_corners, serial_shops, shop_fountains, uniq_robin,
          uniq_crazy_yiuf_cottage
D:3:      layout_loops_ring, chequers_ecumenical_altar_lobes
D:4:      layout_rooms, nicolae_overflow_hallway_of_the_gods,
          minmay_temple_entry_proselytizer
D:5:      layout_basic
D:6:      layout_cave_pods, reono_crystal_passage, uniq_grinder
D:7:      layout_basic, kennysheep_flooded_box, minmay_fountain_box
D:8:      gammafunk_beogh_shrine, layout_basic

Skill      XL: |  1  2  3  4  5  6  7  8 |
---------------+-------------------------+-----
Armour         | 1 2 3 4 5 |  5.2
Evocations     | 1 2 4 |  4.7
Maces & Flails | 4 5 6 7 |  7.1
Fighting       | 5 6 |  6.7
Dodging        | |  2.6

Action                     |  1- 3 |  4- 6 |  7- 9 || total
---------------------------+-------+-------+-------++-------
  Melee: Mace              |   105 |    28 |       ||   133
         Headbutt          |    10 |    25 |    18 ||    53
         Punch             |     1 |       |       ||     1
         Dagger            |       |    48 |       ||    48
         Quarterstaff      |       |    58 |       ||    58
         Flail             |       |    14 |    82 ||    96
  Evoke: Wand              |       |       |     3 ||     3
    Use: Scroll            |     6 |    13 |     1 ||    20
         Potion            |       |     2 |     1 ||     3
   Stab: Sleeping          |     1 |     1 |       ||     2
 Armour: Animal skin       |    72 |   102 |    49 ||   223
  Dodge: Dodged            |    49 |    84 |    39 ||   172
